 Dungeon Crawl Stone Soup version 0.18-a0-1535-g243bd92 (webtiles) character file.

72 Herrn the Firebug (level 4, 32/32 HPs)
             Began as a Demonspawn Fire Elementalist on Mar 9, 2016.
             Quit the game on level 2 of the Dungeon.
             The game lasted 00:06:19 (1789 turns).

Herrn the Firebug (Demonspawn Fire Elementalist)    Turns: 1789, Time: 00:06:19

Health: 32/32      AC:  4    Str:  7 (8)  XL:     4   Next: 7%
Magic:  3/7        EV: 12    Int: 15 (17) God:
Gold:   66         SH:  2    Dex: 15 (17) Spells: 1 memorised, 7 levels left

rFire  . . .     SeeInvis .     q - +0 war axe
rCold  . . .     Gourm    .     a - +0 robe
rNeg   . . .     Faith    .     (no shield)
rPois  .         Spirit   .     (no helmet)
rElec  .         Dismiss  .     (no cloak)
rCorr  .         Reflect  .     (no gloves)
SustAt .         Harm     .     (no boots)
MR     .....                    (no amulet)
Stlth  ++........               (no ring)
                                o - +3 ring of dexterity

@: not resistant to hostile enchantments, unstealthy
A: claws 1, large bone plates 1
a: no special abilities


You were on level 2 of the Dungeon.
You were hungry.

You visited 1 branch of the dungeon, and saw 2 of its levels.

You collected 66 gold pieces.

Inventory:

Hand Weapons
 q - a +0 war axe (weapon)
Armour
 a - a +0 robe (worn)
Jewellery
 o - a +3 ring of dexterity (left claw)
Scrolls
 d - 2 scrolls of enchant weapon {unknown}
 h - a scroll of teleportation {unknown}
 k - a scroll of immolation {unknown}
 n - a scroll of identify {unknown}
Potions
 l - a potion of flight {unknown}
 m - a potion of resistance
Books
 b - a book of Flames

   Spells                             Type                      Level
   a - Flame Tongue                   Conjuration/Fire             1
   b - Throw Flame                    Conjuration/Fire             2
   c - Conjure Flame                  Conjuration/Fire             3
   d - Inner Flame                    Hexes/Fire                   3
   e - Sticky Flame                   Conjuration/Fire             4
   f - Fireball                       Conjuration/Fire             5
 p - a book of the Earth

   Spells                             Type                      Level
   a - Leda's Liquefaction            Hexes/Earth                  4
   b - Bolt of Magma                  Conjuration/Fire/Earth       5
   c - Statue Form                    Transmutation/Earth          6
   d - Iron Shot                      Conjuration/Earth            6
   e - Shatter                        Earth                        9
Comestibles
 c - a bread ration
 f - a slice of pizza
 g - a chunk of flesh
 j - a meat ration


   Skills:
 * Level 1.4 Fighting
 * Level 0.3 Axes
 + Level 2.1 Dodging
 - Level 1.7 Stealth
 + Level 2.5 Spellcasting
 * Level 1.7 Conjurations
 + Level 3.2 Fire Magic


You had 7 spell levels left.
You knew the following spells:

 Your Spells              Type           Power        Failure   Level  Hunger
a - Flame Tongue          Conj/Fire      #....        10%         1    #......


Dungeon Overview and Level Annotations

Branches:
Dungeon (2/15)

Altars:
Ashenzari


Innate Abilities, Weirdness & Mutations

You have sharp fingernails.
You are partially covered in large bone plates (AC +2, SH +2).


Message History

Press: ? - help, Shift-Dir - straight line, f - hobgoblin
Aim: a hobgoblin, wielding a club The flame tongue hits the hobgoblin.
The hobgoblin appears unharmed.
You are feeling hungry.
Casting: Flame Tongue
Confirm with . or Enter, or press ? or * to list all spells.
Aiming: Flame Tongue
Press: ? - help, Shift-Dir - straight line, f/p - hobgoblin
Aim: a hobgoblin, wielding a club The flame tongue hits the hobgoblin.
The hobgoblin is almost dead.
The hobgoblin hits you but does no damage.
Casting: Flame Tongue
Confirm with . or Enter, or press ? or * to list all spells.
Aiming: Flame Tongue
Press: ? - help, Shift-Dir - straight line, f/p - hobgoblin
Aim: a hobgoblin, wielding a club (almost dead)
The flame tongue hits the hobgoblin.
You kill the hobgoblin!
Are you sure you want to abandon this character and quit the game? (Confirm with "yes".)

#..# .# #..# ####.#### #..#
#.......#
######..#####.......#
.........##.#.......#
######........).....#
....................#
#####รท#.............######
# ##.#........)@.........
####...........##########.
#............##
#...........########
#..................###
##.......##...........#
.........##.#.........##
##......##.#....###....#
#.#...####.....#_#....#


There were no monsters in sight!

Vanquished Creatures
  3 adders (D:2)
  An ooze (D:2)
  A worm (D:2)
  A dart slug (D:1)
  3 ball pythons
  3 bats
  5 giant cockroaches
  3 goblins
  5 hobgoblins
  A giant newt (D:2)
  4 kobolds
  5 rats
35 creatures vanquished.

Notes
Turn   | Place    | Note
--------------------------------------------------------------
     0 | D:1      | Herrn the Demonspawn Fire Elementalist began the quest for the Orb.
     0 | D:1      | Reached XP level 1. HP: 13/13 MP: 3/3
   484 | D:1      | Reached skill level 3 in Fire Magic
   484 | D:1      | Gained mutation: You are partially covered in large bone plates (AC +2, SH +2). [demonic ancestry]
   484 | D:1      | Reached XP level 2. HP: 20/20 MP: 3/5
  1003 | D:2      | Reached skill level 1 in Fighting
  1166 | D:2      | Reached XP level 3. HP: 26/26 MP: 0/6
  1710 | D:2      | Found a shattered altar of Ashenzari.
  1749 | D:2      | Gained mutation: You have sharp fingernails. [demonic ancestry]
  1749 | D:2      | Reached XP level 4. HP: 30/32 MP: 2/7
  1789 | D:2      | Quit the game

Vault maps used:
D:1:      dpeg_arrival_short_road, serial_corexii_hall, corexii_hall_statues_l,
          corexii_hall_statues_l, corexii_hall_statues_u,
          corexii_hall_statues_i, minmay_fountain_box, st_stairs_12
D:2:      grunt_temple_overflow_gold_and_silver, ashenzari_conservatory_becter

Skill      XL: |  1  2  3 |
---------------+----------+-----
Fire Magic     | 3 |  3.2
Fighting       | 1 |  1.4
Dodging        | 2 |  2.1
Axes           | |  0.3
Stealth        | |  1.7
Spellcasting   | |  2.5
Conjurations   | |  1.7

Action                   |  1- 3 |  4- 6 || total
-------------------------+-------+-------++-------
Melee: War axe           |    20 |       ||    20
 Cast: Flame Tongue      |    59 |     4 ||    63
  Use: Potion            |     5 |       ||     5
  Eat: Chunk             |     3 |       ||     3
